 Dungeon Crawl Stone Soup version 0.23.2-33-g5129a83184 (webtiles) character file.

Game seed: 3955312235900319188

97 DorianNounverber the Magician (level 4, 0/24 HPs)
             Began as a Deep Elf Wizard on July 10, 2019.
             Slain by Natasha (9 damage)
             ... on level 3 of the Dungeon.
             The game lasted 00:08:02 (3023 turns).

DorianNounverber the Magician (Deep Elf Wizard)     Turns: 3023, Time: 00:08:02

Health: 0/24       AC:  2    Str:  4    XL:     4   Next: 42%
Magic:  9/14       EV: 13    Int: 24    God:
Gold:   182        SH:  0    Dex: 13    Spells: 4/15 levels left

rFire    . . .     SeeInvis .   q - +1 dagger (elec)
rCold    . . .     Gourm    .   (no shield)
rNeg     . . .     Faith    .   i - +0 robe
rPois    .         Spirit   .   b - +0 hat
rElec    .         Reflect  .   (no cloak)
rCorr    .         Harm     .   (no gloves)
MR       .....                  (no boots)
Stlth    ++........             (no amulet)
HPRegen  0.08/turn              (no ring)
MPRegen  0.14/turn              (no ring)

@: no status effects
A: no striking features
a: no special abilities


You were on level 3 of the Dungeon.
You were not hungry.

You visited 1 branch of the dungeon, and saw 3 of its levels.

You collected 182 gold pieces.

Inventory:

Hand Weapons
 j - a +0 dagger of speed
 q - a +1 dagger of electrocution (weapon)
Armour
 a - a +0 robe
 b - a +0 hat (worn)
 i - a +0 robe (worn)
Wands
 t - a wand of disintegration (12)
Scrolls
 c - 3 scrolls of remove curse {unknown}
 f - 6 scrolls of identify {unknown}
 g - a scroll of blinking {unknown}
 n - a scroll of magic mapping {unknown}
 s - a scroll of random uselessness {unknown}
Potions
 e - a potion of haste {unknown}
 h - a potion of cancellation {unknown}
 k - 2 potions of flight {unknown}
 l - a potion of heal wounds {unknown}
 m - 3 potions of brilliance {unknown}
 o - a potion of ambrosia {unknown}
 p - a potion of might {unknown}
 r - a potion of degeneration {unknown}
Comestibles
 d - 6 rations


   Skills:
 * Level 3.4 Dodging
 + Level 2.8 Stealth
 * Level 6.3 Spellcasting
 + Level 1.2 Conjurations
 + Level 1.4 Summonings
 + Level 1.1 Translocations


You had 4 spell levels left.
You knew the following spells:

 Your Spells              Type           Power        Failure   Level  Hunger
a - Magic Dart            Conj           ##..         4%          1    None
b - Blink                 Tloc           N/A          8%          2    None
c - Call Imp              Summ           ##......     6%          2    None
d - Conjure Flame         Conj/Fire      ##......     19%         3    None
e - Mephitic Cloud        Conj/Pois/Air  #.......     19%         3    None

Your spell library contained the following spells:

 Spells                   Type           Power        Failure   Level  Hunger
 Slow                     Hex            #.......     12%         2    None


Dungeon Overview and Level Annotations

Branches:
Dungeon (3/15)

Altars:

Annotations:
D:3 Natasha


Message History

You kill the crimson imp!
Your white imp disappears in a puff of smoke!
Your iron imp closely misses something.
Something barely misses you.
Casting: Call Imp (safe; 6% risk of failure)
Confirm with . or Enter, or press ? or * to list all spells.
A beastly little devil appears in a puff of flame.
Something claws you!
You swap places.
Your crimson imp closely misses something.
Your iron imp closely misses something.
Something closely misses your crimson imp.
Your crimson imp closely misses something.
Your iron imp barely misses something.
Something claws your crimson imp!
Your crimson imp misses something.
Your crimson imp disappears in a puff of smoke!
A magic dart appears from out of thin air!
The magic dart hits your crimson imp!
Your crimson imp dies!
Something claws you!
You die...

####....### #.....#.##.###.#
..........####....#.##.#...###
..............>.#.#.##.#.....#
####....#.####..#.#.##.#....<#
#....#..###..#............#
#....##.#....#.####.#.....#
#....##......#.#....####.##
###.#####......#...........#
#.............{@...#########
##.#.#.####..#.#....#
#..............5....#
#..#######.....###### #..#
#.....# ...#######.....##
##....#.........#
..###.#.######..### ..#
#.#.#.........#


You could see a friendly iron imp.

Vanquished Creatures
  An adder (D:3)
  A dart slug (D:1)
  A leopard gecko (D:1)
  8 goblins
  3 hobgoblins
  2 jackals (D:3)
  A quokka (D:2)
  A ball python (D:3)
  7 bats
  4 frilled lizards
  7 kobolds
  4 rats
40 creatures vanquished.

Vanquished Creatures (collateral kills)
  Natasha (twice) (D:3)
  An adder (D:2)
  A worm (D:2)
  2 leopard geckos (D:3)
  A goblin (D:1)
  A hobgoblin (D:1)
  A bat (D:1)
  2 kobolds (D:1)
11 creatures vanquished.

Grand Total: 51 creatures vanquished

Notes
Turn   | Place    | Note
-------+----------+-------------------------------------------
     0 | D:1      | DorianNounverber the Deep Elf Wizard began the quest for
                  | the Orb.
     0 | D:1      | Reached XP level 1. HP: 10/10 MP: 7/7
   351 | D:1      | Reached XP level 2. HP: 15/15 MP: 6/9
   374 | D:1      | Learned a level 2 spell: Blink
   377 | D:1      | Learned a level 2 spell: Call Imp
   414 | D:1      | Reached skill level 5 in Spellcasting
  1085 | D:2      | Reached XP level 3. HP: 19/19 MP: 7/11
  1090 | D:2      | Learned a level 3 spell: Conjure Flame
  1094 | D:2      | Learned a level 3 spell: Mephitic Cloud
  2041 | D:3      | Reached skill level 6 in Spellcasting
  2301 | D:3      | Noticed Natasha
  2335 | D:3      | Killed Natasha
  2335 | D:3      | Reached XP level 4. HP: 4/24 MP: 2/14
  2708 | D:3      | Noticed Natasha
  2816 | D:3      | Killed Natasha
  2987 | D:3      | Noticed Natasha
  3023 | D:3      | Slain by Natasha

Skill      XL: |  1  2  3 |
---------------+----------+-----
Spellcasting   | 5 6 |  6.3
Dodging        | 3 |  3.4
Stealth        | |  2.8
Conjurations   | |  1.2
Summonings     | |  1.4
Translocations | |  1.1

Action                   |  1- 3 |  4- 6 || total
-------------------------+-------+-------++-------
Melee: Dagger            |     5 |     9 ||    14
 Cast: Magic Dart        |    72 |     8 ||    80
       Call Imp          |    20 |    13 ||    33
       Conjure Flame     |     1 |       ||     1
       Blink             |     1 |       ||     1
  Eat: Chunk             |     4 |       ||     4
       Ration            |       |     1 ||     1
Armor: Robe              |    17 |     1 ||    18
Dodge: Dodged            |    50 |     6 ||    56
